 Dungeon Crawl Stone Soup version 0.21.1-1-g345015f (webtiles) character file.

66 Mythic the Skirmisher (level 3, -1/29 HPs)
             Began as a Vampire Fighter on Apr 3, 2018.
             Was a Follower of Cheibriados.
             Slain by an iguana (4 damage)
             ... on level 3 of the Dungeon on Apr 30, 2018.
             The game lasted 00:19:19 (2054 turns).

Mythic the Skirmisher (Vampire Fighter)             Turns: 2054, Time: 00:19:20

Health: -1/29      AC:  9    Str: 23    XL:     3   Next: 96%
Magic:  3/3        EV:  5    Int: 12    God:    Cheibriados [*.....]
Gold:   88         SH: 11    Dex: 15    Spells: 2/2 levels left

rFire    . . .     SeeInvis +   a - +0 trident
rCold    . . .     Gourm    .   c - +1 shield
rNeg     + . .     Faith    .   t - +0 chain mail
rPois    .         Spirit   .   (no helmet)
rElec    .         Reflect  .   (no cloak)
rCorr    .         Harm     .   (no gloves)
MR       .....                  (no boots)
Stlth    ..........             (no amulet)
HPRegen  0.09/turn              (no ring)
MPRegen  0.08/turn              (no ring)

@: mighty, very slow
A: fangs 3, see invisible, unbreathing
a: Bat Form, Bend Time, Renounce Religion


You were on level 3 of the Dungeon.
You worshipped Cheibriados.
Cheibriados was aware of your devotion.
You were not thirsty.

You visited 1 branch of the dungeon, and saw 3 of its levels.

You collected 88 gold pieces.

Inventory:

Hand Weapons
 a - a +0 trident (weapon)
 k - a +0 club
 p - a +0 hunting sling
 u - a +0 hand axe
Missiles
 i - 40 arrows
 j - 69 stones (quivered)
 m - 51 bolts
Armour
 b - a +0 scale mail
 c - a +1 shield (worn)
 n - a +0 ring mail
 t - a +0 chain mail (worn)
Jewellery
 h - an uncursed ring of wizardry {unknown}
 o - an uncursed amulet of harm
Scrolls
 f - a scroll of remove curse {unknown}
 l - a scroll of teleportation
 q - a scroll of noise {unknown}
 r - a scroll of identify
 s - a scroll of magic mapping {unknown}
Potions
 e - 4 potions of blood


   Skills:
 * Level 3.2 Fighting
 * Level 2.2 Polearms
 - Level 0.1 Throwing
 - Level 2.8 Armour
 - Level 0.5 Dodging
 - Level 3.2 Shields


You had 2 spell levels left.
You didn't know any spells.

Dungeon Overview and Level Annotations

Branches:
Dungeon (3/15)

Altars:
Cheibriados


Innate Abilities, Weirdness & Mutations

You have razor-sharp teeth.
You have supernaturally acute eyesight. (SInv)
You can survive without breathing.


Message History

You closely miss the iguana. You bite the iguana.
You draw the iguana's blood!
You feel better.
You feel slightly less thirsty.
The iguana is severely wounded.
You block the adder's attack. The adder barely misses you.
The iguana bites you but does no damage.
You closely miss the iguana.
The iguana is severely wounded.
The adder bites you. You block the iguana's attack. The adder bites you.
You hit the iguana.
The iguana is almost dead.
The adder bites you. The iguana bites you!
* * * LOW HITPOINT WARNING * * *
The adder bites you but does no damage. The iguana barely misses you.
You feel better. The adder bites you but does no damage. The iguana bites you.
* * * LOW HITPOINT WARNING * * *
You feel very mighty all of a sudden. The adder bites you but does no damage.
You block the iguana's attack.
Yummy - fresh blood!
The adder bites you but does no damage. The iguana bites you.
You die...

♣.♣..♣♣♣....
♣♣..♣♣♣♣♣♣... . #
♣..♣♣.♣♣....) #. #.
♣.♣♣♣.♣♣..... #.
#.♣♣....♣..)♣...
#.######.♣♣♣♣♣♣.♣♣....
#.#......♣.♣..♣.♣♣.....
#...S....♣.♣....#.....
#..l@........########
#....<....##### #
#.#.######## # #. # #.
# #. # #


You could see an iguana and an adder.

Vanquished Creatures
  An adder (D:3)
  A dart slug (D:1)
  2 leopard geckos (D:2)
  An orc (D:3)
  2 giant cockroaches
  10 goblins
  6 hobgoblins
  6 jackals (D:2)
  2 kobolds
  A quokka (D:2)
  A ball python (D:1)
  3 bats
  6 frilled lizards
  6 rats
48 creatures vanquished.

Notes
Turn   | Place    | Note
-------+----------+-------------------------------------------
     0 | D:1      | Mythic the Vampire Fighter began the quest for the Orb.
     0 | D:1      | Reached XP level 1. HP: 17/17 MP: 1/1
   346 | D:1      | Reached XP level 2. HP: 23/23 MP: 2/2
  1255 | D:2      | Reached XP level 3. HP: 22/29 MP: 3/3
  1995 | D:3      | Found a faded altar of an unknown god.
  2006 | D:3      | Became a worshipper of Cheibriados the Contemplative
  2006 | D:3      | Reached * piety under Cheibriados
  2051 | D:3      | HP: 1/29 [iguana (11)]
  2054 | D:3      | Slain by an iguana

Skill      XL: |  1  2  3 |
---------------+----------+-----
Fighting       | 3 |  3.2
Shields        | 3 |  3.2
Polearms       | 2 |  2.2
Throwing       | |  0.1
Armour         | |  2.8
Dodging        | |  0.5

Action                   || total
-------------------------++-------
Melee: Trident           ||   157
       Bite              ||    14
Throw: Stone             ||     8
  Use: Scroll            ||     3
       Potion            ||     7
Armor: Scale mail        ||   101
       Chain mail        ||    15
Dodge: Dodged            ||    62
Block: Shield            ||   158
